cohdb
Replays
Latest Replays
All Replays
Popular Replays
Top Player Replays
Match Explorer
How It Works
Community
CoH3 Stats
Reddit
Sign in to upload your games and track your stats! →
Sign in with Steam
Match 39403285
Unlisted
Match 39403285
Overview
Messages
Build Orders
End
Construct Section Command Post
Vickers Machine Gun Team
Dingo Light Scout Car
Selects Canadian Shock Battlegroup
Construct Platoon Command Post
Selects Attacking Spirit
Selects Canadian Shock Section
Canadian Shock Section
Canadian Shock Section
Canadian Shock Section
Construct Company Command Post
Selects Point Assault
Unlock M3 Grant Medium Tanks
Selects Burnout
M3 Grant Medium Tank
Burnout
M3 Grant Medium Tank
Selects Pyrotechnics
M3 Grant Medium Tank
Armored Vehicle Training
Burnout
Point Assault
M3 Grant Medium Tank
Burnout
Selects Churchill Crocodile Heavy Tank
Burnout
Point Assault
Churchill Crocodile Heavy Tank
Burnout
Point Assault
M3 Grant Medium Tank
Point Assault
Burnout
Burnout
Burnout
Point Assault
Burnout
Starfucker
CantCNC
steil202
Ado123
Nuclear Viking
Katunar
Khora
Ipa
0
0
Comments
sign in to comment!
No comments posted yet!